 Dungeon Crawl Stone Soup version 0.31-a0-818-ge7c7cf74f0 (webtiles) character file.

Game seed: 14923869244327194460

721 Ordine the Ruffian (level 7, -7/46 HPs)
             Began as an Octopode Shapeshifter on Sept 23, 2023.
             Was an Initiate of Dithmenos.
             Mangled by a gnoll sergeant
             ... wielding a +0 trident
              (15 damage)
             ... on level 4 of the Dungeon.
             The game lasted 00:06:35 (3411 turns).

Ordine the Ruffian (Octopode Shapeshifter)          Turns: 3411, Time: 00:06:36

Health: -7/46      AC:  1    Str: 15    XL:     7   Next: 71%
Magic:  7/7        EV: 14    Int: 13    God:    Dithmenos [......]
Gold:   309        SH:  0    Dex: 11    Spells: 6/6 levels left

rFire   . .          .
                       - Unarmed
rCold   . . .        (no shield)
rNeg    . . .        (helmet currently unavailable)
rPois   .            (no amulet)
rElec   .            (no ring)
rCorr   .            (no ring)
SInv    .            (no ring)
Will    .....        (no ring)
Stlth   +++          (no ring)
HPRegen 0.27/turn    (no ring)
MPRegen 0.10/turn    (no ring)
                     (no ring)

%: no passive effects
@: beast-form
A: beast (slay +2), almost no armour, amphibious, 8 rings, camouflage 1,
gelatinous body 1, (nimble swimmer 1), tentacles
a: Begin Untransformation, Renounce Religion


You were on level 4 of the Dungeon.
You worshipped Dithmenos.
Dithmenos was noncommittal.
You were a hulking beast.
You visited 2 branches of the dungeon, and saw 6 of its levels.

You collected 309 gold pieces.

Inventory:

Hand Weapons
 d - a +2 dagger of venom
Talismans
 b - a beast talisman (active)
 c - a flux talisman
Scrolls
 f - a scroll of revelation {unknown}
 g - 5 scrolls of identify {unknown}
 h - 4 scrolls of fear {unknown}
 i - a scroll of poison {unknown}
 j - a scroll of amnesia {unknown}
 k - a scroll of brand weapon {unknown}
 n - 4 scrolls of fog {unknown}
 o - a scroll of blinking {unknown}
 p - a scroll of vulnerability {unknown}
Potions
 a - a potion of lignification
 e - a potion of degeneration {unknown}
 l - a potion of enlightenment {unknown}
 m - a potion of mutation {unknown}
 q - a potion of magic {unknown}
 r - a potion of brilliance {unknown}


   Skills:
 + Level 3.3 Fighting
 + Level 3.8 Dodging
 + Level 4.3 Stealth
 * Level 5.7 Unarmed Combat
 + Level 4.1 Shapeshifting


You had 6 spell levels left.
You didn't know any spells.
Your spell library contained the following spells:

 Spells                   Type           Power      Damage    Failure   Level
 Apportation              Tloc           0%         N/A       30%         1
 Necrotise                Necr           0%         1d4       30%         1
 Summon Small Mammal      Summ           0%         N/A       30%         1
 Lesser Beckoning         Tloc           0%         N/A       43%         2
 Call Canine Familiar     Summ           0%         N/A       67%         3
 Frozen Ramparts          Ice            0%         1d1       67%         3
 Gell's Gravitas          Tloc           0%         N/A       67%         3
 Summon Guardian Golem    Hex/Summ       0%         N/A       67%         3
 Teleport Other           Tloc           0%         N/A       67%         3
 Petrify                  Tmut/Erth      0%         N/A       97%         4
 Metabolic Englaciation   Hex/Ice        0%         N/A       100%        5


Dungeon Overview and Level Annotations

Branches:
Dungeon (5/15)             Temple (1/1) D:4

Altars:
Ashenzari
Dithmenos
Elyvilon
Fedhas
Hepliaklqana
Nemelex Xobeh
Qazlal
Ru
Sif Muna
Trog
Vehumet
Wu Jian
Xom
Yredelemnul
Zin
The Shining One


Innate Abilities, Weirdness & Mutations

You are a hulking beast.
Your limbs bulge with bestial killing power. (Slay +2)
You cannot wear most types of armour.
You are amphibious.
You can wear up to eight rings at the same time.
Your skin changes colour to match your surroundings (Stealth+).
Your rubbery body absorbs attacks. (AC +1, EV +1)
((You are camouflaged when in or above water. (Stealth+)))
You have tentacles for arms and can constrict up to eight enemies at once.


Message History

Found a stone staircase leading up.
There is a stone staircase leading up here.
A gnoll comes into view.
It is wielding a +0 halberd. 2 gnolls come into view.
There is a stone staircase leading up here.
The gnoll shouts!
You hear a shout!
The gnoll sergeant attacks as it pursues you!
The gnoll sergeant hits you from afar with a +0 trident!
The gnoll shouts! x2
The gnoll sergeant closely misses you.
There is a stone staircase leading up here.
The gnoll sergeant hits you with a +0 trident!
You climb upwards.
There is a stone staircase leading down here.
You are too injured to fight recklessly!
You are too injured to fight recklessly!
You are too injured to fight recklessly!
You are too injured to fight recklessly!
The gnoll sergeant blocks your attack.
Your grab misses the gnoll sergeant.
The gnoll sergeant hits you with a +0 trident.
You tentacle-slap the gnoll sergeant. The gnoll sergeant blocks your attack.
Your tentacle-slap misses the gnoll sergeant.
You squeeze the gnoll sergeant.
The gnoll sergeant is heavily wounded.
The gnoll sergeant barely misses you.
You tentacle-slap the gnoll sergeant but do no damage.
Your grab misses the gnoll sergeant. The gnoll sergeant blocks your attack.
The gnoll sergeant is heavily wounded.
The gnoll sergeant hits you with a +0 trident.
The gnoll sergeant blocks your attack.
You grab the gnoll sergeant. You squeeze the gnoll sergeant.
The gnoll sergeant is heavily wounded.
You constrict the gnoll sergeant, but do no damage.
The gnoll sergeant hits you with a +0 trident!
* * * LOW HITPOINT WARNING * * *
You tentacle-slap the gnoll sergeant.
The gnoll sergeant is heavily wounded.
You constrict the gnoll sergeant, but do no damage.
The gnoll sergeant hits you with a +0 trident!
You die...

#...# #...# #.##.........##...
#...# #...# #.######.......:#.
#...#####...# #.# ##......#..
#...#.......###.### ##....####..
#.....###.....#...###....####..#
#...### ###.......##..#...##...#
#.....###.........#..###.....#.#
#...#................###.>..#..#
#...#####......h.....##....##.##
##### #......g...##.##...##..#
#...........#..##..###..
########..####.#.#....#.###.#
#........## #.#..#......#..#
#.......## #.##...>..#...## ##
#.......# #........<..### .##
#.......# ####...........#
..###......####....#.........##


You could see a gnoll sergeant.

Vanquished Creatures
  Pikel (D:3)
  An ice beast (D:3)
  An iguana (D:4)
  An orc wizard (D:3)
  3 gnolls (D:4)
  2 adders
  3 worms (D:2)
  3 dart slugs
  7 orcs
  5 endoplasms
  3 giant cockroaches
  4 goblins
  6 hobgoblins
  3 jackals (D:1)
  3 quokkas
  8 ball pythons
  5 bats
  A frilled lizard (D:2)
  4 kobolds
  8 rats
72 creatures vanquished.

Notes
Turn   | Place    | Note
-------+----------+-------------------------------------------
     0 | D:1      | Ordine the Octopode Shapeshifter began the quest for the
                  | Orb.
     0 | D:1      | Reached XP level 1. HP: 13/13 MP: 1/1
   218 | D:1      | Reached XP level 2. HP: 14/18 MP: 2/2
   356 | D:1      | Reached skill level 1 in Stealth
   443 | D:1      | Reached XP level 3. HP: 23/23 MP: 3/3
  1344 | D:2      | Reached XP level 4. HP: 26/28 MP: 4/4
  1471 | D:3      | Found a sparkling altar of Nemelex Xobeh.
  1586 | D:3      | Noticed an ice beast
  1594 | D:3      | Killed an ice beast
  1595 | D:3      | Reached skill level 4 in Unarmed Combat
  1595 | D:3      | Reached XP level 5. HP: 5/34 MP: 5/5
  1731 | D:3      | Found a radiant altar of Vehumet.
  1731 | D:3      | Found a glowing golden altar of the Shining One.
  1731 | D:3      | Found a shadowy altar of Dithmenos.
  1740 | D:3      | Became a worshipper of Dithmenos the Shadowed
  2581 | D:4      | Noticed Pikel
  2585 | D:4      | Noticed a lemure
  2594 | D:3      | HP: 1/34 [Pikel/+0 whip of freezing (1)]
  2603 | D:3      | Killed Pikel
  2604 | D:3      | Reached skill level 5 in Unarmed Combat
  2604 | D:3      | Reached XP level 6. HP: 5/42 MP: 6/6
  2604 | D:3      | Reached XP level 7. HP: 6/46 MP: 7/7
  2986 | D:4      | Found a shimmering altar of Xom.
  3219 | D:4      | Found a staircase to the Ecumenical Temple.
  3226 | Temple   | Entered the Ecumenical Temple
  3385 | D:5      | Entered Level 5 of the Dungeon
  3411 | D:4      | Mangled by a gnoll sergeant

Illustrated notes

Levels and vault maps discovered:
D:1:      dpeg_arrival_prison, layout_basic, minmay_octomino_c4
D:2:      layout_basic, kennysheep_generic_room_9
D:3:      layout_basic, mainiacjoe_overflow_24_doors,
          gammafunk_temple_overflow_claw
D:4:      layout_rooms, mainiacjoe_overflow_boulevard,
          minmay_temple_entry_wispy, uniq_pikel
D:5:      layout_gridville, kennysheep_okawaru_gauntlet, kennysheep_minor_cross,
          uniq_blork_the_orc
Temple:   nicolae_temple_bog_church

Skill      XL: |  1  2  3  4  5 |
---------------+----------------+-----
Stealth        | 1 2 4 |  4.3
Fighting       | 2 3 |  3.3
Unarmed Combat | 4 5 |  5.7
Dodging        | 3 |  3.8
Shapeshifting  | 4 |  4.1

Action                     |  1- 3 |  4- 6 |  7- 9 || total
---------------------------+-------+-------+-------++-------
  Melee: Unarmed           |     8 |       |    14 ||    22
         Dagger            |    56 |    48 |    10 ||   114
         Constrict         |    16 |    11 |     7 ||    34
         Tentacles         |    11 |     7 |     9 ||    27
         Punch             |     3 |     1 |       ||     4
    Use: Potion            |       |     1 |       ||     1
   Stab: Sleeping          |     9 |     8 |     3 ||    20
 Armour: Skin              |    19 |    24 |     8 ||    51
  Dodge: Dodged            |    35 |    13 |    13 ||    61

Table legend: (Time is in decaauts)
 A = Elapsed time spent in this place.
 B = Non-inter-level travel time spent in this place.
 C = Inter-level travel time spent in this place.
 D = Time resting spent in this place.
 E = Time spent auto-exploring this place.
 F = Levels seen in this place.
 G = Mean time per level.
                   A        B        C        D        E       F      G
               +--------+--------+--------+--------+--------+-----+--------+
         Total |   3413 |   3135 |    278 |    161 |   2453 |   6 |  568.8 |
       Dungeon |   3412 |   3134 |    278 |    161 |   2453 |   5 |  682.4 |
        Temple |      1 |      1 |      0 |      0 |      0 |   1 |    1.0 |
               +--------+--------+--------+--------+--------+-----+--------+

Top non-repeatable levels by time:
     D:3: 1359 daAuts
     D:1: 783 daAuts
     D:2: 669 daAuts
     D:4: 589 daAuts
     D:5: 10 daAuts
  Temple: 1 daAuts
